cohdb
Replays
Latest Replays
All Replays
Popular Replays
Top Player Replays
Match Explorer
How It Works
Community
CoH3 Stats
Reddit
Sign in to upload your games and track your stats! →
Sign in with Steam
Match 39013388
Unlisted
Match 39013388
Overview
Messages
Build Orders
End
Panzergrenadier Squad
Selects Italian Infantry
250 Light Carrier
250 Light Carrier
Construct Light Support Kompanie
MG34 Team
Fire Support Elements
Combat Half-tracks
Assault Grenadier Squad
MG34 Team
Selects Defensive Operations
Selects Guastatori Squad
Construct Panzerarmee Kommand
2.5-tonne Medical Truck
Guastatori Squad
Panzer III L Medium Tank
Selects Registered Artillery
Selects Defensive Operations
Tungsten Core Ammunition
Rapid Advance
Vehicle Survival Package
Panzer III L Medium Tank
Selects Towed Cannone da 105/28 Field Howitzer
Selects Territory Booby Traps
Emergency Repair Kits
Armored Reserves
Veteran Squad Leaders
Registered Artillery
Pak 38 Anti-tank Gun Team
Selects Propaganda War
Pak 38 Anti-tank Gun Team
Panzer III L Medium Tank
Registered Artillery
Walking Stuka Rocket Launcher
Guastatori Squad
Guastatori Squad
Panzer III L Medium Tank
Panzer III L Medium Tank
Pak 38 Anti-tank Gun Team
AзИз BoP ЧёPнЫx ПpИoP
PATRIOT228
Bruistablet
Professor gibberish
0
0
Comments
sign in to comment!
No comments posted yet!